TOP OF THE 1ST |
Tacoma Rainiers batting - Pitching for Fresno Grizzlies : RHP Andy Montelongo
|
Pitching: RHP Andy Montelongo
|
|
Batting: RHB Brad Robidas
|
0-0: Ball 1-0: Ball 2-0: Called Strike 2-1: Ball 3-1: Base on Balls
|
Batting: RHB Enrique Valdez
|
0-0: Called Strike 0-1: Called Strike 0-2: Ball 1-2: Ball 2-2: DOUBLE (Line Drive, 7LM, EV 105.0 MPH) Brad Robidas to third Runner from 3rd tries for Home, SAFE, no throw by LF
|
Batting: LHB Josh Pittman
|
0-0: Ball 1-0: Ball 2-0: Ball 3-0: Base on Balls
|
Batting: LHB Ryan Lowe
|
0-0: Ball 1-0: Foul Ball, location: 2F 1-1: Fly out, F8 (Flyball, 8RD, EV 75.6 MPH)
|
Batting: RHB Rick Ellis
|
0-0: Ball 1-0: Called Strike 1-1: Grounds into double play, 3-6-3 (Groundball, 34, EV 105.0 MPH)
|
Top of the 1st over - 1 run, 1 hit, 0 errors, 1 left on base; Tacoma 1 - Fresno 0 |
BOTTOM OF THE 1ST |
Fresno Grizzlies batting - Pitching for Tacoma Rainiers : RHP Jake Underhill
|
Pitching: RHP Jake Underhill
|
|
Batting: SHB Bryan Johnston
|
0-0: Called Strike 0-1: Foul Ball, location: 2F 0-2: Ball 1-2: Ball 2-2: Strikes out swinging
|
Batting: LHB Mark Dearth
|
0-0: Ball 1-0: Ground out 6-3 (Groundball, 6, EV 86.9 MPH)
|
Batting: RHB Elijah Hunter
|
0-0: Ball 1-0: Called Strike 1-1: Swinging Strike 1-2: SOLO HOME RUN (Flyball, 78XD, EV 105.0 MPH), Distance : 406 ft
|
Batting: LHB Angelo Vasquez
|
0-0: Ball 1-0: Swinging Strike 1-1: Swinging Strike 1-2: Ball 2-2: Ball 3-2: Base on Balls
|
Batting: RHB Mark Marks
|
0-0: Ball 1-0: Called Strike 1-1: Swinging Strike 1-2: Ground out 1-3 (Groundball, P, EV 66.2 MPH)
|
Bottom of the 1st over - 1 run, 1 hit, 0 errors, 1 left on base; Tacoma 1 - Fresno 1 |
TOP OF THE 2ND |
Tacoma Rainiers batting - Pitching for Fresno Grizzlies : RHP Andy Montelongo
|
Batting: RHB Zach Downs
|
0-0: Ball 1-0: Ground out 6-3 (Groundball, 6MD, EV 81.2 MPH)
|
Batting: SHB Ray Skogen
|
0-0: Called Strike 0-1: Ball 1-1: Ball 2-1: Fly out, F9 (Flyball, 9D, EV 88.1 MPH)
|
Batting: RHB Chris Olheiser
|
0-0: Ball 1-0: Swinging Strike 1-1: Ball 2-1: Foul Ball, location: 2F 2-2: Foul Ball, location: 2F 2-2: Foul Ball, location: 2F 2-2: SINGLE (Groundball, 34D, EV 103.1 MPH)
|
Batting: RHB Max Schellekens
|
0-0: Foul Ball, location: 2F 0-1: SINGLE (Flyball, 3D, EV 90.0 MPH) Chris Olheiser to second Runner from 2nd tries for 3rd, SAFE, throw by RF made to third
|
Batting: RHB Brad Robidas
|
0-0: Called Strike 0-1: Fly out, F9 (Flyball, 9S, EV 95.0 MPH)
|
Top of the 2nd over - 0 runs, 2 hits, 0 errors, 2 left on base; Tacoma 1 - Fresno 1 |
BOTTOM OF THE 2ND |
Fresno Grizzlies batting - Pitching for Tacoma Rainiers : RHP Jake Underhill
|
Batting: SHB Troy Kenyon
|
0-0: Called Strike 0-1: Foul Ball, location: 2F 0-2: Ground out 5-3 (Groundball, 56, EV 88.1 MPH)
|
Batting: SHB Paskar Adegoke
|
0-0: Called Strike 0-1: Ball 1-1: Fly out, F5 (Line Drive, 5L, EV 70.6 MPH)
|
Batting: RHB Dale Young
|
0-0: Ball 1-0: Called Strike 1-1: Ground out 6-3 (Groundball, 6, EV 107.5 MPH)
|
Bottom of the 2nd over - 0 runs, 0 hits, 0 errors, 0 left on base; Tacoma 1 - Fresno 1 |
TOP OF THE 3RD |
Tacoma Rainiers batting - Pitching for Fresno Grizzlies : RHP Andy Montelongo
|
Batting: RHB Enrique Valdez
|
0-0: Called Strike 0-1: Foul Ball, location: 2F 0-2: Foul Ball, location: 2F 0-2: Strikes out swinging
|
Batting: LHB Josh Pittman
|
0-0: Called Strike 0-1: Ball 1-1: Ball 2-1: Foul Ball, location: 2F 2-2: Strikes out looking
|
Batting: LHB Ryan Lowe
|
0-0: Called Strike 0-1: Ball 1-1: Swinging Strike 1-2: Ball 2-2: DOUBLE (Line Drive, 89D, EV 108.1 MPH)
|
Batting: RHB Rick Ellis
|
0-0: Ball 1-0: Ground out 6-3 (Groundball, 6S, EV 81.2 MPH)
|
Top of the 3rd over - 0 runs, 1 hit, 0 errors, 1 left on base; Tacoma 1 - Fresno 1 |
BOTTOM OF THE 3RD |
Fresno Grizzlies batting - Pitching for Tacoma Rainiers : RHP Jake Underhill
|
Batting: RHB Workneh Lagat
|
0-0: Ball 1-0: Ball 2-0: Called Strike 2-1: SINGLE (Line Drive, 78S, EV 94.4 MPH)
|
Batting: SHB Bryan Johnston
|
0-0: Ball 1-0: Called Strike 1-1: Foul Ball, location: 2F 1-2: Grounds into double play, 6-4-3 (Groundball, 6M, EV 103.8 MPH)
|
Batting: LHB Mark Dearth
|
0-0: Fly out, F7 (Flyball, 78D, EV 96.2 MPH)
|
Bottom of the 3rd over - 0 runs, 1 hit, 0 errors, 0 left on base; Tacoma 1 - Fresno 1 |
TOP OF THE 4TH |
Tacoma Rainiers batting - Pitching for Fresno Grizzlies : RHP Andy Montelongo
|
Batting: RHB Zach Downs
|
0-0: Foul Ball, location: 2F 0-1: Ball 1-1: Foul Ball, location: 2F 1-2: SINGLE (Groundball, 34D, EV 108.1 MPH)
|
Batting: SHB Ray Skogen
|
0-0: SINGLE (Groundball, 6MD, EV 100.0 MPH) Zach Downs to second
|
Batting: RHB Chris Olheiser
|
0-0: Called Strike 0-1: Called Strike 0-2: Ball 1-2: Ball 2-2: Ball 3-2: Strikes out swinging
|
Batting: RHB Max Schellekens
|
0-0: Ball 1-0: Ball 2-0: Called Strike 2-1: Swinging Strike 2-2: Ball 3-2: Foul Ball, location: 2F 3-2: Strikes out swinging
|
Batting: RHB Brad Robidas
|
0-0: Ball 1-0: Ball 2-0: Called Strike 2-1: Fielders Choice at 2nd, 6-4 (Groundball, 6, EV 78.1 MPH)
|
Top of the 4th over - 0 runs, 2 hits, 0 errors, 2 left on base; Tacoma 1 - Fresno 1 |
BOTTOM OF THE 4TH |
Fresno Grizzlies batting - Pitching for Tacoma Rainiers : RHP Jake Underhill
|
Batting: RHB Elijah Hunter
|
0-0: Called Strike 0-1: Ball 1-1: Ball 2-1: Foul Ball, location: 2F 2-2: Ball 3-2: Base on Balls
|
Batting: LHB Angelo Vasquez
|
0-0: Ball 1-0: 2-RUN HOME RUN (Line Drive, 9LD, EV 96.9 MPH), Distance : 363 ft
|
Batting: RHB Mark Marks
|
0-0: Ball 1-0: Swinging Strike 1-1: SINGLE (Line Drive, 78M, EV 92.5 MPH)
|
Batting: SHB Troy Kenyon
|
0-0: Ball 1-0: Called Strike 1-1: Fielders Choice at 2nd, 6-4 (Groundball, 6, EV 81.2 MPH)
|
Batting: SHB Paskar Adegoke
|
0-0: Called Strike 0-1: Foul Ball, location: 2F 0-2: Ball 1-2: Ball Wild Pitch! Troy Kenyon to second 2-2: Fly out, F9 (Line Drive, 89M, EV 108.1 MPH)
|
Batting: RHB Dale Young
|
0-0: Swinging Strike 0-1: Ball Wild Pitch! Troy Kenyon to third 1-1: Ball 2-1: Ground out 6-3 (Groundball, 6, EV 80.6 MPH)
|
Bottom of the 4th over - 2 runs, 2 hits, 0 errors, 1 left on base; Tacoma 1 - Fresno 3 |
TOP OF THE 5TH |
Tacoma Rainiers batting - Pitching for Fresno Grizzlies : RHP Andy Montelongo
|
Batting: RHB Enrique Valdez
|
0-0: Ball 1-0: Swinging Strike 1-1: Ball 2-1: Ball 3-1: Foul Ball, location: 2F 3-2: Base on Balls
|
Batting: LHB Josh Pittman
|
0-0: Called Strike 0-1: Foul Ball, location: 2F 0-2: Ball 1-2: Strikes out swinging
|
Batting: LHB Ryan Lowe
|
0-0: Ball 1-0: Ball 2-0: Ball 3-0: Base on Balls Enrique Valdez to second
|
Batting: RHB Rick Ellis
|
0-0: Ball 1-0: Ball 2-0: Called Strike 2-1: Fielders Choice at 2nd, 3-6 (Groundball, 34, EV 88.8 MPH) Enrique Valdez to third
|
Pitching: RHP Mike Wirick
|
|
Batting: RHB Zach Downs
|
0-0: Called Strike 0-1: Called Strike 0-2: Ball 1-2: Strikes out swinging
|
Top of the 5th over - 0 runs, 0 hits, 0 errors, 2 left on base; Tacoma 1 - Fresno 3 |
BOTTOM OF THE 5TH |
Fresno Grizzlies batting - Pitching for Tacoma Rainiers : RHP Jake Underhill
|
Batting: RHB Workneh Lagat
|
0-0: Foul Ball, location: 2F 0-1: Swinging Strike 0-2: Ball 1-2: Strikes out looking
|
Batting: SHB Bryan Johnston
|
0-0: Called Strike 0-1: Foul Ball, location: 2F 0-2: Ball 1-2: Ball 2-2: Fly out, F7 (Flyball, 7S, EV 92.5 MPH)
|
Batting: LHB Mark Dearth
|
0-0: Ball 1-0: Ball 2-0: Ball 3-0: Base on Balls
|
Batting: RHB Elijah Hunter
|
0-0: Called Strike 0-1: Fly out, F8 (Flyball, 8RD, EV 95.0 MPH)
|
Bottom of the 5th over - 0 runs, 0 hits, 0 errors, 1 left on base; Tacoma 1 - Fresno 3 |
TOP OF THE 6TH |
Tacoma Rainiers batting - Pitching for Fresno Grizzlies : RHP Mike Wirick
|
Batting: SHB Ray Skogen
|
0-0: Ball 1-0: Foul Ball, location: 2F 1-1: Swinging Strike 1-2: Strikes out swinging
|
Batting: RHB Chris Olheiser
|
0-0: Called Strike 0-1: Foul Ball, location: 2F 0-2: Foul Ball, location: 2F 0-2: Foul Ball, location: 2F 0-2: Ball 1-2: Ball 2-2: SINGLE (Groundball, 5D, EV 103.1 MPH)
|
Batting: RHB Max Schellekens
|
0-0: Called Strike 0-1: Ball 1-1: Called Strike 1-2: Ball 2-2: Ball Wild Pitch! Chris Olheiser to second 3-2: Foul Ball, location: 2F 3-2: Foul Ball, location: 2F 3-2: Strikes out looking
|
Batting: RHB Brad Robidas
|
0-0: Called Strike 0-1: Ball 1-1: Ball 2-1: Ground out 6-3 (Groundball, 4M, EV 76.2 MPH)
|
Top of the 6th over - 0 runs, 1 hit, 0 errors, 1 left on base; Tacoma 1 - Fresno 3 |
BOTTOM OF THE 6TH |
Fresno Grizzlies batting - Pitching for Tacoma Rainiers : RHP Jake Underhill
|
Batting: LHB Angelo Vasquez
|
0-0: Ball 1-0: Called Strike 1-1: Foul Ball, location: 2F 1-2: Ball 2-2: Ground out 4-3 (Groundball, 4M, EV 84.4 MPH)
|
Batting: RHB Mark Marks
|
0-0: Ball 1-0: Swinging Strike 1-1: Ball 2-1: Foul Ball, location: 2F 2-2: Fly out, F7 (Flyball, 7LS, EV 91.9 MPH)
|
Batting: SHB Troy Kenyon
|
0-0: Ball 1-0: Called Strike 1-1: Foul Ball, location: 2F 1-2: Strikes out swinging
|
Bottom of the 6th over - 0 runs, 0 hits, 0 errors, 0 left on base; Tacoma 1 - Fresno 3 |
TOP OF THE 7TH |
Tacoma Rainiers batting - Pitching for Fresno Grizzlies : RHP Mike Wirick
|
Pitching: RHP Arturo Vargas
|
|
Batting: RHB Enrique Valdez
|
0-0: Called Strike 0-1: Foul Ball, location: 2F 0-2: Strikes out swinging
|
Batting: LHB Josh Pittman
|
0-0: Swinging Strike 0-1: Ball 1-1: Foul Ball, location: 2F 1-2: Strikes out swinging
|
Batting: LHB Ryan Lowe
|
0-0: Called Strike 0-1: Ball 1-1: Ball 2-1: Swinging Strike 2-2: Strikes out swinging
|
Top of the 7th over - 0 runs, 0 hits, 0 errors, 0 left on base; Tacoma 1 - Fresno 3 |
BOTTOM OF THE 7TH |
Fresno Grizzlies batting - Pitching for Tacoma Rainiers : RHP Jake Underhill
|
Batting: SHB Paskar Adegoke
|
0-0: Fly out, F7 (Flyball, 7LM, EV 106.2 MPH)
|
Batting: RHB Dale Young
|
0-0: Ball 1-0: Ball 2-0: Ball 3-0: Called Strike 3-1: Base on Balls
|
Batting: RHB Workneh Lagat
|
0-0: Ball 1-0: Ball 2-0: Called Strike 2-1: Swinging Strike 2-2: SINGLE (Line Drive, 8LS, EV 104.4 MPH) Dale Young to second Dale Young to third
|
Pitching: LHP Rentaro Minami
|
|
Batting: SHB Bryan Johnston
|
0-0: Called Strike 0-1: Ball 1-1: 3-RUN HOME RUN (Line Drive, 7D, EV 99.4 MPH), Distance : 391 ft
|
Batting: LHB Mark Dearth
|
0-0: Ground out 4-3 (Groundball, 4, EV 93.1 MPH)
|
Batting: RHB Elijah Hunter
|
0-0: Ball 1-0: SINGLE (Flyball, 4D, EV 89.4 MPH)
|
Batting: LHB Angelo Vasquez
|
0-0: Called Strike 0-1: Ball 1-1: Ball 2-1: Ball 3-1: Called Strike 3-2: SINGLE (Groundball, 6MD, EV 108.1 MPH) Elijah Hunter to second Elijah Hunter to third
|
Batting: RHB Mark Marks
|
0-0: Foul Ball, location: 2F 0-1: Ball 1-1: Ball 2-1: Foul Ball, location: 2F 2-2: Foul Ball, location: 2F 2-2: Foul Ball, location: 2F 2-2: Strikes out swinging
|
Bottom of the 7th over - 3 runs, 4 hits, 0 errors, 2 left on base; Tacoma 1 - Fresno 6 |
TOP OF THE 8TH |
Tacoma Rainiers batting - Pitching for Fresno Grizzlies : RHP Arturo Vargas
|
Batting: RHB Rick Ellis
|
0-0: Ball 1-0: Ball 2-0: Ball 3-0: Called Strike 3-1: Ground out 5-3 (Groundball, 5, EV 86.2 MPH)
|
Batting: RHB Zach Downs
|
0-0: Called Strike 0-1: Swinging Strike 0-2: Ball 1-2: Foul Ball, location: 2F 1-2: Strikes out swinging
|
Batting: SHB Ray Skogen
|
0-0: Ball 1-0: Called Strike 1-1: Ball 2-1: Ball 3-1: Foul Ball, location: 2F 3-2: Base on Balls
|
Batting: RHB Chris Olheiser
|
0-0: Ball 1-0: Swinging Strike 1-1: Foul Ball, location: 2F 1-2: Strikes out swinging
|
Top of the 8th over - 0 runs, 0 hits, 0 errors, 1 left on base; Tacoma 1 - Fresno 6 |
BOTTOM OF THE 8TH |
Fresno Grizzlies batting - Pitching for Tacoma Rainiers : LHP Rentaro Minami
|
Batting: SHB Troy Kenyon
|
0-0: Ball 1-0: Ball 2-0: Called Strike 2-1: Fly out, F9 (Flyball, 9D, EV 103.1 MPH)
|
Batting: SHB Paskar Adegoke
|
0-0: Ball 1-0: Fly out, F8 (Flyball, 8RD, EV 86.2 MPH)
|
Batting: RHB Dale Young
|
0-0: Ball 1-0: Called Strike 1-1: Ball 2-1: Called Strike 2-2: Ball 3-2: Ground out 4-3 (Groundball, 4D, EV 100.0 MPH)
|
Bottom of the 8th over - 0 runs, 0 hits, 0 errors, 0 left on base; Tacoma 1 - Fresno 6 |
TOP OF THE 9TH |
Tacoma Rainiers batting - Pitching for Fresno Grizzlies : RHP Arturo Vargas
|
Batting: RHB Max Schellekens
|
0-0: Called Strike 0-1: DOUBLE (Line Drive, 9LS, EV 101.9 MPH)
|
Batting: RHB Brad Robidas
|
0-0: Ball 1-0: Called Strike 1-1: Ball 2-1: Foul Ball, location: 2F 2-2: Ground out 4-3 (Groundball, 4, EV 80.0 MPH) Max Schellekens to third
|
Batting: RHB Enrique Valdez
|
0-0: Called Strike 0-1: Called Strike 0-2: Strikes out swinging
|
Batting: LHB Josh Pittman
|
0-0: SINGLE (Line Drive, 6M, EV 97.5 MPH) Max Schellekens scores
|
Batting: LHB Ryan Lowe
|
0-0: Ball 1-0: Foul Ball, location: 2F 1-1: Ball 2-1: Ball 3-1: Swinging Strike 3-2: Strikes out looking
|
Top of the 9th over - 1 run, 2 hits, 0 errors, 1 left on base; Tacoma 2 - Fresno 6 |
|